Map: [ESL] Hard Lead

Players

Serral

  • Race: Zerg Zerg
  • Spawn Location: 11:00

Clem - Winner!

  • Race: Terran Terran
  • Spawn Location: 5:00

Event: ESL SC2 Masters 2023 Winter (Regional)

VOD

Have the link to the VOD?

Description

Time

  • Played on: Nov. 19, 2023, 11:13 a.m.
  • Length: 13:49

All games in this series

Show
View Real Time Build Order
Export as new Build Order

Serral Zerg 

Build Orders: Hatch First 

Get SALT Encoding   

  12  0:00  Drone  
  13  0:07  Drone  
  14  0:14  Extractor  
  14  0:15  Drone  
  15  0:37  Hatchery  
  15  0:42  Extractor, Drone  
  14  0:48  Overlord  
  15  1:03  Spawning Pool  
  14  1:07  Drone  
  14  1:10  Drone  
  16  1:14  Drone  
  16  1:18  Drone  
  18  1:28  Drone  
  18  1:29  Extractor  
  18  1:39  Drone  
  19  1:49  Queen  
  19  1:50  Drone, Queen  
  19  1:51  Drone  
  25  2:00  Drone, Overlord  
  26  2:10  Drone  
  26  2:11  Drone  
  28  2:24  Extractor  
  28  2:25  Drone x2, Queen  
  32  2:36  Overlord  
  32  2:37  Drone  
  32  2:38  Metabolic Boost  
  33  2:50  Hatchery  
  32  2:52  Drone  
  32  2:55  Drone x2  
  35  2:59  Drone x2  
  35  3:03  Drone x2  
  35  3:05  Drone  
  40  3:07  Drone  
  40  3:10  Overlord  
  41  3:16  Queen  
  41  3:19  Overlord  
  43  3:22  Drone  
  44  3:29  Zergling x2  
  44  3:30  Zergling x6  
  44  3:32  Drone  
  49  3:35  Queen  
  49  3:37  Drone  
  52  3:43  Zergling x4  
  52  3:44  Drone x2  
  56  3:49  Overlord  
  56  3:52  Overlord  
  56  3:54  Queen  
  58  3:57  Drone  
  58  4:02  Queen  
  61  4:03  Drone  
  61  4:04  Drone  
  61  4:07  Drone  
  61  4:08  Drone  
  65  4:12  Overlord  
  65  4:13  Zergling x2  
  65  4:15  Drone x2  
  68  4:18  Drone x2  
  68  4:23  Drone x2  
  72  4:26  Drone  
  73  4:32  Evolution Chamber  
  73  4:33  Drone x5, Evolution Chamber  
  73  4:36  Queen  
  78  4:41  Overlord  
  78  4:43  Queen  
  78  4:45  Overlord  
  80  4:48  Drone x2  
  80  4:50  Overlord  
  82  4:55  Extractor  
  82  4:58  Zerg Melee Weapons Level 1, Zerg Ground Armor Level 1  
  82  4:59  Drone x3  
  84  5:03  Extractor  
  84  5:06  Hatchery  
  82  5:09  Drone  
  82  5:10  Drone x2  
  85  5:18  Queen, Overlord  
  85  5:21  Drone x3  
  89  5:23  Extractor, Overlord  
  89  5:25  Zergling x8  
  89  5:26  Zergling x2  
  94  5:29  Lair  
  94  5:32  Overlord  
  94  5:34  Zergling x4  
  97  5:35  Zergling x2  
  97  5:38  Zergling x2  
  97  5:42  Zergling x2  
  99  5:45  Baneling Nest  
  99  5:48  Zergling x10  
  103  5:56  Zergling x6  
  108  5:58  Drone x2  
  108  6:01  Hatchery  
  107  6:05  Overlord  
  107  6:06  Drone x2  
  109  6:14  Drone  
  110  6:22  Queen  
  110  6:23  Zergling x8  
  110  6:25  Drone x5  
  118  6:26  Drone  
  118  6:30  Overlord, Centrifugal Hooks  
  120  6:36  Drone x2  
  120  6:37  Drone x3  
  120  6:39  Hatchery  
  124  6:40  Drone  
  124  6:41  Baneling x9  
  124  6:42  Overseer  
  124  6:45  Zergling x6  
  128  6:49  Zergling x2  
  128  6:50  Zergling x4  
  128  6:53  Zerg Melee Weapons Level 2, Zerg Ground Armor Level 2  
  131  6:56  Zergling x10  
  134  7:03  Zergling x16  
  141  7:10  Overlord  
  141  7:11  Zergling x2  
  141  7:15  Zergling x6  
  142  7:18  Zergling x4  
  132  7:25  Zergling x2  
  132  7:26  Zergling x14  
  132  7:28  Pneumatized Carapace  
  132  7:29  Overseer  
  137  7:32  Drone x2  
  137  7:33  Drone x2, Queen  
  137  7:34  Infestation Pit  
  137  7:35  Zergling x6  
  145  7:43  Zergling x12  
  149  7:46  Zergling x2  
  149  7:48  Baneling x4  
  149  7:49  Zergling x2  
  151  7:53  Baneling x5  
  151  7:55  Zergling x26  
  162  8:00  Zergling x4  
  162  8:05  Baneling x2  
  162  8:06  Baneling  
  162  8:07  Overseer, Baneling x4  
  162  8:09  Zergling x16  
  170  8:14  Overlord x3  
  170  8:15  Overlord  
  170  8:18  Overlord  
  170  8:19  Overlord  
  170  8:26  Zergling x22  
  165  8:35  Baneling x3  
  165  8:38  Zergling x12  
  165  8:39  Zergling x16  
  179  8:43  Baneling x8  
  179  8:48  Zergling x10  
  178  8:52  Baneling x6  
  178  8:54  Zergling x2  
  178  8:55  Zergling x22  
  187  8:57  Overseer  
  187  9:06  Zergling x20  
  172  9:11  Zergling x14  
  170  9:18  Zergling x2  
  170  9:19  Zergling x6  
  170  9:22  Zergling x20  
  169  9:24  Zergling x2  
  169  9:26  Hive  
  167  9:35  Drone x6  
  167  9:36  Drone x2  
  167  9:38  Zergling x6  
  177  9:45  Zergling x12  
  178  9:50  Baneling  
  178  9:51  Zergling x8  
  178  9:52  Zergling x6  
  181  9:53  Baneling x4  
  181  9:57  Baneling x6  
  181  10:06  Zergling x8  
  181  10:07  Zergling x10  
  179  10:09  Zergling x2  
  175  10:14  Zergling x2  
  175  10:15  Zergling x4  
  175  10:19  Zergling x2  
  175  10:20  Zergling x14, Overseer  
  184  10:21  Baneling x8  
  184  10:25  Spore Crawler  
  184  10:26  Extractor  
  182  10:30  Drone x3, Hatchery  
  181  10:38  Drone x2  
  181  10:39  Viper x2, Drone  
  185  10:43  Zergling x10  
  185  10:44  Zergling x18  
  194  10:53  Zergling x20  
  186  10:57  Drone x2  
  186  11:03  Zergling x12  
  170  11:04  Zerg Ground Armor Level 3, Zerg Melee Weapons Level 3  
  169  11:12  Adrenal Glands  
  169  11:16  Overseer  
  168  11:21  Zergling x12  
  168  11:22  Zergling x28  
  183  11:29  Zergling x2  
  163  11:37  Zergling x16  
  171  11:40  Zergling x2  
  171  11:41  Zergling x6  
  171  11:46  Zergling x22  
  166  11:52  Zergling x2  
  150  12:00  Viper  
  135  12:02  Zergling x14  
  135  12:05  Queen x5  
  143  12:09  Baneling x6  
  143  12:10  Zergling x18  
  152  12:16  Extractor  
  152  12:20  Zergling x16  
  152  12:21  Baneling x14  
  159  12:25  Hatchery  
  159  12:30  Zergling x12  
  159  12:35  Zergling x6  
  160  12:42  Zergling x16  
  155  12:48  Zergling x14  
  142  12:53  Zergling x8  
  142  12:55  Baneling x10  
  145  12:59  Zergling x10  
  145  13:00  Baneling  
  145  13:01  Baneling x4  
  145  13:03  Zergling x10  
  155  13:11  Zergling x20  
  162  13:18  Zergling x10  
  167  13:25  Zergling x4  
  157  13:31  Zergling x2  
  157  13:32  Zergling x12  
  156  13:40  Hatchery  
Show
View Real Time Build Order
Export as new Build Order

Clem Terran - Winner!

Build Orders: Reaper Expand 

Get SALT Encoding   

  12  0:00  SCV  
  13  0:12  SCV  
  14  0:16  Supply Depot  
  14  0:24  SCV  
  15  0:38  SCV  
  15  0:39  Barracks  
  15  0:42  Refinery  
  16  0:50  SCV  
  17  1:02  SCV  
  18  1:14  SCV  
  19  1:26  Orbital Command, Reaper  
  20  1:38  Command Center  
  20  1:47  Supply Depot  
  20  1:52  SCV  
  21  1:58  Marine  
  22  2:04  SCV  
  23  2:09  Factory  
  23  2:16  SCV  
  23  2:19  Barracks Reactor  
  24  2:28  SCV  
  25  2:37  Command Center  
  25  2:41  SCV  
  26  2:50  Orbital Command  
  26  2:54  SCV  
  27  2:59  Barracks  
  27  3:04  Hellion  
  29  3:08  Hellion  
  29  3:10  SCV  
  29  3:12  Barracks Tech Lab  
  32  3:16  SCV  
  32  3:18  Refinery  
  33  3:22  SCV  
  34  3:27  Hellion  
  34  3:28  SCV  
  34  3:31  Hellion, Marine  
  40  3:36  Stimpack  
  40  3:37  SCV  
  40  3:40  SCV  
  42  3:49  Orbital Command, SCV  
  42  3:51  Marine  
  42  3:52  SCV  
  45  3:56  Starport  
  45  3:59  Marine x2  
  45  4:02  SCV  
  48  4:04  Factory Reactor, SCV  
  48  4:09  Marine  
  50  4:13  Supply Depot  
  50  4:14  SCV  
  50  4:16  SCV x2  
  53  4:17  Marine  
  53  4:23  Marine  
  55  4:26  Marine, SCV  
  55  4:28  SCV x2  
  59  4:35  Marine  
  59  4:37  Supply Depot  
  60  4:38  SCV  
  60  4:40  SCV  
  60  4:41  SCV, Refinery  
  60  4:42  Medivac  
  60  4:43  Medivac, Engineering Bay  
  67  4:45  Engineering Bay  
  67  4:49  Marine x2  
  67  4:50  Refinery  
  69  4:52  Orbital Command  
  69  4:57  Factory Tech Lab  
  69  4:58  SCV x2, Marine  
  69  4:59  Supply Depot  
  72  5:01  Barracks  
  72  5:07  Supply Depot  
  72  5:09  Marine x2  
  72  5:10  SCV  
  72  5:13  SCV  
  76  5:14  Terran Infantry Weapons Level 1, Terran Infantry Armor Level 1  
  76  5:18  SCV  
  76  5:20  Marine  
  78  5:23  SCV  
  78  5:25  SCV  
  78  5:27  Marine x2  
  78  5:28  Supply Depot  
  82  5:29  Supply Depot  
  82  5:30  SCV  
  82  5:35  SCV  
  84  5:37  Siege Tank, SCV  
  84  5:38  Marine  
  84  5:42  SCV  
  90  5:43  Supply Depot  
  90  5:45  Marine  
  90  5:47  SCV  
  92  5:50  Supply Depot  
  92  5:51  Barracks, Barracks Reactor  
  92  5:52  SCV  
  92  5:53  Marine  
  92  5:56  SCV, Marine  
  96  6:00  Barracks, Supply Depot  
  96  6:01  Medivac, SCV  
  96  6:03  Medivac  
  101  6:05  Marine  
  101  6:08  SCV x2  
  101  6:11  Marine  
  105  6:13  SCV, Supply Depot  
  105  6:15  Siege Tank  
  109  6:20  SCV x2, Supply Depot  
  109  6:22  Combat Shield  
  109  6:23  Marine  
  109  6:24  Marine  
  109  6:25  SCV  
  106  6:27  Marine  
  106  6:28  Marine  
  106  6:30  Supply Depot  
  106  6:31  Marine  
  106  6:32  SCV x2  
  111  6:37  SCV  
  111  6:38  Factory  
  111  6:39  Refinery  
  112  6:42  Marine  
  112  6:43  Barracks Reactor  
  112  6:46  Armory  
  115  6:47  Barracks Reactor, Widow Mine  
  115  6:48  Supply Depot  
  115  6:49  Marine  
  116  6:55  Viking, Medivac  
  116  6:56  Marine  
  116  6:58  Marine x2  
  123  7:04  Supply Depot  
  123  7:05  Marine  
  118  7:11  Marine, Widow Mine  
  118  7:12  Command Center  
  118  7:14  Marine  
  122  7:17  Marine  
  122  7:19  Marine  
  122  7:20  Marine  
  122  7:21  Marine  
  123  7:23  Marine  
  123  7:25  Marine  
  123  7:26  Marine  
  123  7:28  Factory Reactor  
  123  7:29  Marine  
  127  7:31  Supply Depot  
  127  7:32  Marine  
  127  7:34  Refinery  
  127  7:35  Sensor Tower, Marine  
  127  7:36  Marine  
  130  7:37  Medivac  
  130  7:38  Widow Mine, Marine, Drilling Claws  
  130  7:40  Terran Infantry Weapons Level 2  
  135  7:44  Marine x2  
  135  7:45  Marine x2  
  135  7:47  Marine  
  135  7:49  Terran Infantry Armor Level 2  
  135  7:51  Marine  
  140  7:53  Marine  
  140  7:54  Marine  
  143  8:00  Marine  
  143  8:02  Marine  
  143  8:03  Widow Mine, Marine  
  147  8:06  Barracks x3, Widow Mine  
  147  8:08  Medivac  
  147  8:11  Supply Depot  
  151  8:14  SCV x2  
  151  8:15  SCV, Marine  
  151  8:18  Widow Mine  
  151  8:19  Marine x4  
  161  8:20  Marine  
  161  8:22  Marine  
  161  8:23  Marine x2  
  161  8:27  Medivac  
  163  8:35  Widow Mine  
  163  8:36  Sensor Tower, Marine x2  
  163  8:37  SCV  
  163  8:38  Medivac, SCV x2  
  172  8:45  Widow Mine  
  175  8:48  Widow Mine, Marine  
  175  8:50  SCV x2  
  175  8:54  Planetary Fortress  
  176  8:57  SCV, Widow Mine  
  176  9:02  Medivac  
  178  9:04  Marine  
  178  9:06  Widow Mine  
  178  9:08  Marine, Medivac  
  178  9:09  Marine x2  
  183  9:10  Barracks Tech Lab x3  
  183  9:14  SCV  
  168  9:19  Widow Mine  
  156  9:24  Marine  
  156  9:25  Marine  
  156  9:30  Widow Mine  
  153  9:31  Marauder  
  153  9:32  Command Center, Marauder, Medivac  
  153  9:35  Marine  
  153  9:38  Liberator  
  163  9:42  Widow Mine  
  163  9:43  Marine x6  
  163  9:45  SCV x3  
  173  9:47  SCV, Refinery  
  173  9:50  Widow Mine  
  176  9:53  Marine x2, Marauder x3  
  176  9:54  Marine  
  176  9:57  SCV  
  184  10:00  Widow Mine  
  184  10:02  Liberator  
  184  10:04  Widow Mine  
  176  10:07  Marine x5  
  176  10:08  Marine  
  176  10:12  Widow Mine, Marauder  
  182  10:14  Marauder  
  182  10:15  Marauder  
  182  10:20  Liberator  
  178  10:22  Marine, Widow Mine  
  178  10:23  Marauder, Marine  
  178  10:25  Marine x3  
  187  10:29  Widow Mine  
  187  10:33  Marauder  
  187  10:35  Widow Mine, Marine  
  194  10:39  Marauder, Marine x2  
  194  10:41  Marauder  
  200  10:43  Command Center  
  200  10:45  Refinery  
  200  10:46  Terran Infantry Armor Level 3, Terran Infantry Weapons Level 3  
  200  10:53  Marine x2, Widow Mine  
  200  10:54  Marine  
  200  10:55  Marine  
  197  10:57  Widow Mine  
  197  11:01  Widow Mine  
  196  11:04  Marine  
  196  11:05  Planetary Fortress  
  196  11:10  Marine x2  
  195  11:14  Widow Mine, Starport  
  195  11:15  Sensor Tower  
  195  11:16  Ghost Academy  
  197  11:19  Widow Mine  
  196  11:28  Widow Mine, Medivac  
  196  11:30  Marine  
  196  11:31  Marine x5  
  192  11:33  Marauder x3  
  192  11:34  Marine  
  192  11:35  Widow Mine, Marauder, Marine  
  193  11:40  SCV, Widow Mine  
  174  11:47  SCV  
  174  11:48  Marine x2, SCV x3  
  174  11:49  Marine x2  
  174  11:50  Widow Mine  
  174  11:52  SCV, Marine  
  174  11:53  Medivac  
  189  11:54  Marine, Marauder x3  
  189  11:55  Marine  
  189  11:56  Marauder  
  189  11:57  Widow Mine  
  189  12:00  SCV  
  188  12:02  Medivac, Widow Mine  
  188  12:03  Marine  
  188  12:06  Marine x3  
  188  12:07  Marine  
  171  12:08  Liberator  
  171  12:10  Marine  
  171  12:11  Widow Mine  
  171  12:13  Marine x2  
  180  12:15  Marauder x2  
  180  12:16  Marauder  
  180  12:18  Widow Mine, Marauder  
  180  12:21  Orbital Command  
  184  12:23  Widow Mine  
  184  12:24  Medivac  
  188  12:32  Medivac  
  188  12:33  Widow Mine  
  188  12:34  Command Center  
  188  12:36  Marine x3  
  195  12:38  Marine  
  195  12:40  Widow Mine  
  195  12:43  Marine x2  
  191  12:50  Widow Mine  
  178  12:51  Medivac  
  178  12:54  Ghost, Medivac  
  178  12:55  Ghost  
  186  12:59  Marine x2, Widow Mine  
  186  13:00  Marine x3  
  186  13:02  Medivac, Refinery  
  186  13:03  Refinery  
  195  13:08  Widow Mine  
  190  13:13  Marine x2  
  190  13:16  Widow Mine  
  188  13:24  Marine  
  179  13:29  SCV  
Tags
 
Add a new tag
Caveats
  • Supply blocks, unpowered buildings, or Contaminate may cause inaccurate times.
  • Supply counts are checked every 10 seconds.